 Dungeon Crawl Stone Soup version 0.19-a0-994-g3c636f0 (webtiles) character file.

49 mistymad the Caller (level 3, 0/24 HPs)
             Began as a Merfolk Summoner on July 17, 2016.
             Killed from afar by Sigmund (5 damage)
             ... with a puff of flame
             ... on level 2 of the Dungeon.
             The game lasted 00:06:22 (2493 turns).

mistymad the Caller (Merfolk Summoner)              Turns: 2493, Time: 00:06:22

Health: 0/24       AC:  2    Str:  8    XL:     3   Next: 77%
Magic:  7/7        EV: 13    Int: 15    God:
Gold:   25         SH:  0    Dex: 14    Spells: 3 memorised, 2 levels left

rFire  . . .     SeeInvis .     (no weapon)
rCold  . . .     Gourm    .     a - +0 robe
rNeg   . . .     Faith    .     (no shield)
rPois  .         Spirit   .     (no helmet)
rElec  .         Dismiss  .     (no cloak)
rCorr  .         Reflect  .     (no gloves)
SustAt .         Harm     .     (no boots)
MR     .....                    (no amulet)
Stlth  ++........               (no ring)
                                (no ring)

@: not resistant to hostile enchantments, unstealthy
A: change form in water, swift swim
a: no special abilities


You were on level 2 of the Dungeon.
You were not hungry.

You visited 1 branch of the dungeon, and saw 2 of its levels.

You collected 25 gold pieces.

Inventory:

Armour
 a - a +0 robe (worn)
Scrolls
 d - a scroll of identify {unknown}
Potions
 e - 3 potions of curing {unknown}
 i - a potion of ambrosia {unknown}
 j - a potion of lignification {unknown}
Books
 b - a book of Callings

   Spells                             Type                      Level
   a - Summon Small Mammal            Summoning                    1
   b - Call Imp                       Summoning                    2
   c - Call Canine Familiar           Summoning                    3
   d - Summon Guardian Golem          Hexes/Summoning              3
   e - Summon Lightning Spire         Summoning/Air                4
   f - Summon Ice Beast               Ice/Summoning                4
Comestibles
 c - 2 bread rations
 f - a chunk of flesh
 g - a meat ration
 h - a fruit


   Skills:
 - Level 2.6 Dodging
 - Level 2.1 Stealth
 + Level 3.0 Spellcasting
 + Level 4.6 Summonings


You had 2 spell levels left.
You knew the following spells:

 Your Spells              Type           Power        Failure   Level  Hunger
a - Summon Small Mammal   Summ           ###.         3%          1    #......
b - Call Imp              Summ           ###.....     6%          2    ##.....
c - Call Canine Familiar  Summ           ###.....     12%         3    ###....


Dungeon Overview and Level Annotations

Branches:
Dungeon (2/15)

Altars:
Cheibriados

Annotations:
D:2 Sigmund


Message History

Sigmund flickers and vanishes!
Deactivating autopickup; reactivate with Ctrl-A.
You bump into the rock wall.
You bump into the rock wall.
You're too confused to move!
You bump into the rock wall.
You are more confused.
You bump into the rock wall.
You feel less confused.
A puff of flame appears from out of thin air!
The puff of flame hits you!
* * * LOW HITPOINT WARNING * * *
You take 5 damage, and have 6/24 hp.
MASSIVE DAMAGE!!
A magic dart appears from out of thin air!
The magic dart hits you!
* * * LOW HITPOINT WARNING * * *
You take 3 damage, and have 4/24 hp.
A puff of flame appears from out of thin air!
The puff of flame hits you!
You die...

#......# #.>)...#
###......#
........#
#......# ###
#......# ###.#
#......###.).##
#....@...#@)#
#........#####.##
.........##
#..##########
#...######
##..........# ...
#..........# .#
#..........#
#..###.#####
#..##..#
##.....##


There were no monsters in sight!

Vanquished Creatures
  Ijyb (D:2)
  A dart slug (D:1)
  A goblin (D:2)
  3 hobgoblins (D:1)
  A bat (D:2)
  2 giant newts
  2 rats (D:1)
11 creatures vanquished.

Vanquished Creatures (collateral kills)
  2 dart slugs
  A giant gecko (D:1)
  2 giant cockroaches (D:1)
  3 goblins
  7 hobgoblins
  4 kobolds
  A ball python (D:1)
  4 bats
  A giant newt (D:1)
25 creatures vanquished.

Grand Total: 36 creatures vanquished

Notes
Turn   | Place    | Note
-------+----------+-------------------------------------------
     0 | D:1      | mistymad the Merfolk Summoner began the quest for the Orb.
     0 | D:1      | Reached XP level 1. HP: 13/13 MP: 3/3
   193 | D:1      | Found a snail-covered altar of Cheibriados.
   404 | D:1      | Reached XP level 2. HP: 17/19 MP: 5/5
   445 | D:1      | Learned a level 2 spell: Call Imp
  1511 | D:2      | Noticed Sigmund
  1579 | D:2      | Reached XP level 3. HP: 13/24 MP: 0/7
  1868 | D:1      | Learned a level 3 spell: Call Canine Familiar
  1875 | D:2      | Noticed Ijyb
  1894 | D:2      | Killed Ijyb
  2493 | D:2      | Killed from afar by Sigmund

Vault maps used:
D:1:      sevenhm_arrival_forest_fort_large_2, minmay_misc_feat_rows,
          minmay_misc_feat_square, cheibriados_altar_1
D:2:      uniq_sigmund, uniq_terence, uniq_iyjb

Skill      XL: |  1  2  3 |
---------------+----------+-----
Spellcasting   | 3 |  3.0
Dodging        | |  2.6
Stealth        | |  2.1
Summonings     | |  4.6

Action                   || total
-------------------------++-------
Melee: Unarmed           ||   137
 Cast: Summon Small Mamm ||    19
       Call Imp          ||    20
       Call Canine Famil ||     4
 Stab: Sleeping          ||     3
  Eat: Chunk             ||     7
Armor: Robe              ||    28
Dodge: Dodged            ||   114
